 Dungeon Crawl Stone Soup version 0.30-a0-1161-g0704695555 (webtiles) character file.

Game seed: 4791998226908800665

2194 Sabo the Shooter (level 9, 0/69 HPs)
             Began as a Formicid Fighter on Apr 25, 2023.
             Was a High Priest of Fedhas.
             Engulfed by a steam dragon's steam (27 damage)
             ... on level 7 of the Dungeon on Apr 27, 2023.
             The game lasted 00:35:19 (5648 turns).

Sabo the Shooter (Formicid Fighter)                 Turns: 5648, Time: 00:35:20

Health: 0/69       AC: 13    Str: 28    XL:     9   Next: 59%
Magic:  9/9        EV: 11    Int:  7    God:    Fedhas [*****.]
Gold:   351        SH: 11    Dex: 19    Spells: 8/8 levels left

rFire   . . .        v - +8 storm bow {elec, penet}
rCold   . . .        l - +0 kite shield
rNeg    . . .        e - +1 plate armour
rPois   .            (helmet unavailable)
rElec   .            (no cloak)
rCorr   .            (no gloves)
SInv    +            (no boots)
Will    .....        (no amulet) Stlth
                     j - +5 ring of evasion
HPRegen 0.31/turn    i - +6 ring of strength
MPRegen 0.11/turn

%: clarity
@: no status effects
A: permanent stasis, dig shafts and tunnels, antennae 3, four strong arms, agile
1, clarity
a: Dig, Shaft Self, Renounce Religion, Wall of Briars, Grow Ballistomycete,
Overgrow, Grow Oklob


You were on level 7 of the Dungeon.
You worshipped Fedhas.
Fedhas was extremely pleased with you.
You visited 1 branch of the dungeon, and saw 7 of its levels.
You also visited: Sewer.

You collected 351 gold pieces.

Inventory:

Hand Weapons
 n - the +10 dagger "Kishill" {pain, +Blink}
   (You found it on level 2 of the Dungeon)

   +Blink:    It lets you blink.
 r - the +5 quarterstaff "Hyezul Nuoci" {heavy, Dex+2}
   (You found it on level 3 of the Dungeon)

   Dex:       It affects your dexterity (+2).
 v - the +8 storm bow (weapon) {elec, penet}
   (You found it on level 4 of the Dungeon)
Missiles
 b - 15 poisoned darts
Armour
 e - a +1 plate armour (worn)
 l - a +0 kite shield (worn)
Jewellery
 i - a +6 ring of strength (right hand)
 j - a +5 ring of evasion (left hand)
Wands
 p - a wand of polymorph (6)
Scrolls
 d - 2 scrolls of magic mapping
 g - 2 scrolls of enchant armour
 k - a scroll of fog
 s - a scroll of fear
Potions
 a - 3 potions of mutation
 f - a potion of flight {unknown}
 h - 2 potions of curing
 m - a potion of haste {unknown}
 o - a potion of magic {unknown}
 q - a potion of degeneration {unknown}
 t - 3 potions of heal wounds {unknown}
 u - 2 potions of invisibility {unknown}
 w - a potion of lignification {unknown}


   Skills:
 + Level 6.0 Fighting
 + Level 3.2 Short Blades
 + Level 3.9 Axes
 + Level 3.7 Staves
 + Level 6.5 Ranged Weapons
 + Level 6.1 Armour
 + Level 0.3 Dodging
 + Level 0.7 Stealth
 + Level 6.4 Shields


You had 8 spell levels left.
You didn't know any spells.
Your spell library contained the following spells:

 Spells                   Type           Power      Damage    Failure   Level
 Lesser Beckoning         Tloc           0%         N/A       100%        2
 Momentum Strike          Conj/Tloc      0%         3d8       100%        2
 Static Discharge         Conj/Air       0%         2-2/arc   100%        2
 Inner Flame              Hex/Fire       0%         N/A       100%        3
 Airstrike                Air            0%         2d(0-16)  100%        4
 Flame Wave               Conj/Fire      0%         2d4       100%        4
 Sticky Flame             Conj/Fire      0%         2d3       100%        4
 Summon Lightning Spire   Summ/Air       0%         N/A       100%        4
 Blink                    Tloc           Unusable   N/A       N/A         2

Dungeon Overview and Level Annotations

Branches:
Dungeon (7/15)              Sewer (visited)
 Temple: D:4-7

Altars:
Dithmenos
Elyvilon
Fedhas
Gozag
Kikubaaqudgha
Sif Muna
Trog
Vehumet
Wu Jian
The Shining One


Innate Abilities, Weirdness & Mutations

You cannot be hasted, slowed, berserked, paralysed or teleported.
You can dig through walls and to a lower floor.
You have a pair of large antennae on your head. (SInv)
Your four strong arms can wield two-handed weapons with a shield.
You are agile. (Dex +4, Str/Int -1)
You possess an exceptional clarity of mind.


Message History

The bullfrog hits you but does no damage.
The purple ugly thing closely misses you.
A wight comes into view. It is wielding a +0 falchion.
The cyclops closely misses you. The bullfrog attacks as you move away!
You block the bullfrog's attack. The bullfrog closely misses you.
You block the purple ugly thing's attack.
A wight comes into view. It is wielding a +4 morningstar.
A wight comes into view. It is wielding a +0 mace.
A steam dragon comes into view.
The sky beast flickers out of sight for a moment.
An orc warrior comes into view. It is wielding a +0 dire flail.
The steam dragon hisses angrily.
The bullfrog barely misses you. The bullfrog hits you.
The steam dragon bites you. The steam dragon barely misses you.
You block the bullfrog's attack.
The sky beast hits you but does no damage.
Fire: v) +8 storm bow {elec, penet}
Press: ? - help, Q - select action, (/) - cycle Shift-Dir - straight line, f/p - bullfrog
Aim: a bullfrog (67% to hit)
You shoot an arrow. The arrow pierces through the bullfrog!
The bullfrog is almost dead.
The arrow completely misses the wight.
The bullfrog completely misses you. The steam dragon breathes steam at you.
The ball of steam hits you.
The ball of steam hits the sky beast!
The sky beast is engulfed in a cloud of scalding steam.
You block the sky beast's attack. The bullfrog closely misses you.
You hear an angry hiss.
You hear a shout!
Unknown command.
Fire: v) +8 storm bow {elec, penet}
Press: ? - help, Q - select action, (/) - cycle Shift-Dir - straight line, f/p - bullfrog
Aim: a bullfrog (almost dead, 67% to hit)
You shoot an arrow. The arrow barely misses the bullfrog.
The arrow pierces through the wight!
The wight is heavily damaged.
You are engulfed in a cloud of scalding steam.
You die...
Fedhas appreciates your contribution to the ecosystem.

#..#...#.......
.......#.......
##.#...#.....#
......#.....#
.#....#.....# ..
.§§D.....##. ...
#§#........
#...#@Fz....#..
#..§Y##Cu......
#..§..#..#..##.
.....#..u<{...#
.###.#o.....zz...
. #........... #
....#...###..
#$###o#...# . #
..#...#


You could see a purple ugly thing, a cyclops, a steam dragon (catching breath),
an orc warrior, a sky beast (invisible), a bullfrog and 3 wights.

Vanquished Creatures
  A hornet (D:6)
  Menkaure (D:6)
  A water moccasin (D:6)
  An ice beast (D:6)
  2 ogres
  A centaur (D:4)
  2 bullfrogs (Sewer)
  6 scorpions
  A howler monkey (D:7)
  2 jellies
  3 hounds
  Jessica (D:2)
  4 iguanas
  Natasha (thrice) (D:2)
  8 orc wizards
  3 gnolls (D:6)
  A river rat (D:4)
  12 adders
  A shadow imp (D:6)
  2 white imps (D:6)
  An ufetubus (D:6)
  3 worms
  3 dart slugs
  19 orcs
  17 endoplasms
  11 giant cockroaches
  8 goblins
  5 hobgoblins
  4 jackals
  6 quokkas
  22 ball pythons
  8 bats
  15 frilled lizards
  5 kobolds
  10 rats
193 creatures vanquished.

Vanquished Creatures (others)
  4 fungi
  6 plants (D:2)
10 creatures vanquished.

Grand Total: 203 creatures vanquished

Notes
Turn   | Place    | Note
-------+----------+-------------------------------------------
     0 | D:1      | Sabo the Formicid Fighter began the quest for the Orb.
     0 | D:1      | Reached XP level 1. HP: 18/18 MP: 1/1
   123 | D:1      | Reached XP level 2. HP: 23/24 MP: 2/2
   366 | D:1      | Reached XP level 3. HP: 29/29 MP: 3/3
   639 | D:2      | Found a faded altar of an unknown god.
   655 | D:2      | Prayed at the altar of an unknown god.
   655 | D:2      | Became a worshipper of Fedhas Madash
   655 | D:2      | Reached * piety under Fedhas
   788 | D:2      | Reached XP level 4. HP: 35/37 MP: 4/4
   885 | D:2      | Identified the +10 dagger "Kishill" {pain, +Blink}
  1070 | D:2      | Noticed Jessica
  1076 | D:2      | Killed Jessica
  1077 | D:2      | Reached skill level 1 in Short Blades
  1077 | D:2      | Reached XP level 5. HP: 42/42 MP: 5/5
  1265 | D:2      | Noticed Natasha
  1272 | D:2      | Killed Natasha
  1272 | D:2      | Reached ** piety under Fedhas
  1323 | D:2      | Noticed Natasha
  1327 | D:2      | Killed Natasha
  1349 | D:2      | Noticed Natasha
  1357 | D:2      | Killed Natasha
  1358 | D:2      | Reached XP level 6. HP: 48/48 MP: 6/6
  1514 | D:3      | Found an opulent altar of Gozag.
  1819 | D:3      | Identified the +5 quarterstaff "Hyezul Nuoci" {heavy,
                  | Dex+2}
  2342 | D:4      | Noticed an ogre
  2352 | D:4      | Killed an ogre
  2353 | D:4      | Reached skill level 1 in Staves
  2353 | D:4      | Reached XP level 7. HP: 43/53 MP: 7/7
  2444 | D:4      | Reached skill level 5 in Shields
  2495 | D:4      | Found a glowing drain.
  2508 | D:4      | Reached *** piety under Fedhas
  2540 | Sewer    | Entered a sewer
  2901 | Sewer    | Reached **** piety under Fedhas
  2967 | Sewer    | Reached skill level 5 in Armour
  2967 | Sewer    | Reached XP level 8. HP: 43/61 MP: 8/8
  3085 | Sewer    | Identified the +2 ring mail of the Fletcher {rPois rCorr
                  | Dex-5}
  3179 | D:4      | Found the +8 storm bow {elec, penet}
  3765 | D:5      | Entered Level 5 of the Dungeon
  3783 | D:5      | Found a bloodstained altar of Trog.
  3796 | D:5      | Reached skill level 1 in Ranged Weapons
  3797 | D:5      | Reached skill level 5 in Fighting
  4308 | D:5      | Found an ancient bone altar of Kikubaaqudgha.
  4319 | D:5      | Found a shimmering blue altar of Sif Muna.
  4334 | D:5      | Found a radiant altar of Vehumet.
  4438 | D:5      | Found a white marble altar of Elyvilon.
  4450 | D:5      | Found a glowing golden altar of the Shining One.
  4511 | D:5      | Upgraded the game from 0.30-a0-1160-g6e42c06551 to
                  | 0.30-a0-1161-g0704695555
  4513 | D:6      | Noticed Menkaure
  4515 | D:6      | Killed Menkaure
  4516 | D:6      | Reached XP level 9. HP: 68/68 MP: 9/9
  4534 | D:6      | Noticed a hornet
  4592 | D:6      | Identified a scroll of acquirement
  4595 | D:6      | Killed a hornet
  4596 | D:6      | Reached skill level 5 in Ranged Weapons
  4673 | D:6      | Acquired a +6 ring of strength
  5213 | D:6      | Reached ***** piety under Fedhas
  5245 | D:6      | Found an ornate altar of the Wu Jian Council.
  5334 | D:6      | Found a shadowy altar of Dithmenos.
  5628 | D:6      | Gained mutation: You are agile. (Dex +4, Str/Int -1)
                  | [potion of mutation]
  5628 | D:6      | Gained mutation: You possess an exceptional clarity of
                  | mind. [potion of mutation]
  5634 | D:7      | Noticed a purple ugly thing
  5635 | D:7      | Noticed a cyclops
  5648 | D:7      | Engulfed by a steam dragon's steam

Illustrated notes

Levels and vault maps discovered:
D:1:      dpeg_arrival_tiny_g, layout_rooms
D:2:      layout_rooms, shapermc_ecumenical_altar_petra,
          minmay_shallow_snake_nest, uniq_natasha, uniq_jessica
D:3:      layout_basic, nicolae_gozag_seed_capital, chequers_arboretum
D:4:      layout_basic, portal_sewer_entry_c
D:5:      layout_rooms, palyth_temple_overflow_mages,
          mainiacjoe_overflow_brackets, mainiacjoe_overflow_catwalk_spiral,
          water_boxes_lemuel
D:6:      layout_rooms, mainiacjoe_overflow_alcove_1,
          nicolae_dithmenos_shadow_blocks, dreamdust_gnoll_farm, uniq_menkaure
D:7:      hangedman_cross_stitches, layout_basic, minmay_temple_entry_glass,
          serial_glass, glass_columns_a, glass_columns_b, glass_columns_a,
          glass_columns_a, glass_columns_a, glass_columns_a

Skill      XL: |  1  2  3  4  5  6  7  8  9 |
---------------+----------------------------+-----
Axes           | 3 |  3.9
Armour         | 4 5 6 |  6.1
Short Blades   | 1 3 |  3.2
Staves         | 1 3 |  3.7
Fighting       | 4 5 6 |  6.0
Shields        | 5 6 |  6.4
Ranged Weapons | 4 6 |  6.5
Dodging        | |  0.3
Stealth        | |  0.7

Action                     |  1- 3 |  4- 6 |  7- 9 || total
---------------------------+-------+-------+-------++-------
  Melee: War axe           |    76 |    13 |       ||    89
         Dagger            |       |    62 |       ||    62
         Quarterstaff      |       |    30 |   146 ||   176
   Fire: Longbow           |       |       |   115 ||   115
    Use: Scroll            |       |     6 |     6 ||    12
         Potion            |       |       |     2 ||     2
 Armour: Plate armour      |    51 |    60 |   193 ||   304
  Dodge: Dodged            |    26 |    43 |   158 ||   227
  Block: Buckler           |    14 |       |       ||    14
         Kite shield       |    21 |    55 |   206 ||   282

Table legend: (Time is in decaauts)
 A = Elapsed time spent in this place.
 B = Non-inter-level travel time spent in this place.
 C = Inter-level travel time spent in this place.
 D = Time resting spent in this place.
 E = Time spent auto-exploring this place.
 F = Levels seen in this place.
 G = Mean time per level.
                   A        B        C        D        E       F      G
               +--------+--------+--------+--------+--------+-----+--------+
         Total |   6057 |   6057 |      0 |   1090 |      0 |   8 |  757.1 |
       Dungeon |   5285 |   5285 |      0 |    888 |      0 |   7 |  755.0 |
         Sewer |    772 |    772 |      0 |    202 |      0 |   1 |  772.0 |
               +--------+--------+--------+--------+--------+-----+--------+

Top non-repeatable levels by time:
     D:6: 1164 daAuts
     D:3: 976 daAuts
     D:4: 906 daAuts
     D:2: 839 daAuts
     D:5: 789 daAuts
   Sewer: 772 daAuts
     D:1: 583 daAuts
     D:7: 24 daAuts
